 Dungeon Crawl Stone Soup version 0.31-a0-963-ga325b2283a (webtiles) character file.

Game seed: 2354840873015506306

959 hwolsky the Mimic (level 8, 59/59 HPs) *EXPLORE*
             Began as a Meteoran Shapeshifter on Oct 24, 2023.
             Quit the game in the Ecumenical Temple.
             The game lasted 00:15:04 (3469 turns).

hwolsky the Mimic (Meteoran Shapeshifter)           Turns: 3469, Time: 00:15:05

Health: 59/59      AC:  3    Str: 18    XL:     8   Next: 63%
Magic:  9/9        EV: 14    Int: 12    God:
Gold:   248        SH:  0    Dex: 13    Spells: 7/7 levels left

rFire   . .          .
                       - Unarmed
rCold   . . .        (shield currently unavailable)
rNeg    . . .        a - +1 animal skin
rPois   .            (no helmet)
rElec   .            (no cloak)
rCorr   .            (no gloves)
SInv    .            (no boots)
Will    +....        (no amulet)
Stlth   +            (no ring)
HPRegen 0.29/turn    (no ring)
MPRegen 0.11/turn

%: no passive effects
@: flux-form, glowing
A: glow, contaminating, sense surroundings 1, otherworldly, glowing, explore
regen
a: Begin Untransformation


You were in the Ecumenical Temple.
You were something dangerously unstable.
You visited 2 branches of the dungeon, and saw 7 of its levels.
You also visited: Ossuary.

You collected 248 gold pieces.

Inventory:

Missiles
 o - a throwing net {@!f}
Armour
 a - a +1 animal skin (worn)
Talismans
 c - a beast talisman
 d - a flux talisman (active)
 k - a serpent talisman
Wands
 h - a wand of flame (27)
Scrolls
 f - 3 scrolls of fog
 i - 4 scrolls of identify
 j - a scroll of immolation
 r - a scroll of butterflies
 t - a scroll of teleportation
 w - 3 scrolls of enchant weapon
Potions
 b - a potion of lignification
 e - 2 potions of mutation
 g - 5 potions of heal wounds
 l - a potion of brilliance
 m - 2 potions of curing
 n - 2 potions of might
 p - a potion of haste


   Skills:
 - Level 1.1 Fighting
 + Level 5.3 Dodging
 + Level 6.5 Unarmed Combat
 * Level 8.0 Shapeshifting


You had 7 spell levels left.
You didn't know any spells.
Your spell library contained the following spells:

 Spells                   Type           Power      Damage    Failure   Level
 Ensorcelled Hibernation  Hex/Ice        0%         N/A       45%         2
 Jinxbite                 Hex            0%         N/A       45%         2
 Anguish                  Hex/Necr       0%         N/A       97%         4


Dungeon Overview and Level Annotations

Branches:
Dungeon (6/15) Zot: 436    Temple (1/1) D:6 Zot: 572 Ossuary (visited)

Altars:
Ashenzari
Cheibriados
Dithmenos
Elyvilon
Gozag
Kikubaaqudgha
Makhleb
Nemelex Xobeh
Okawaru
Qazlal
Sif Muna
Uskayaw
Vehumet
Wu Jian
Xom
Yredelemnul
Zin

Shops:
D:3 *   D:4 (


Innate Abilities, Weirdness & Mutations

You are something dangerously unstable.
You glow with magical radiation, making you easy to see and hit.
Foes you strike become dangerously contaminated with magical radiation.
You are incapable of wielding weapons or throwing items.
You passively map a small area around you.
You are easily found by Zot.
You glow in the dark.
You regain HP and MP as you explore.


Message History

The gnoll misses you.
You hit the gnoll.
You kill the gnoll!
Your Shapeshifting skill increases to level 8!
Things that are here:
a +0 halberd; a gnoll corpse
Things that are here:
a +0 halberd; a gnoll corpse
t - a scroll of teleportation
Things that are here:
a +1 vampiric spear; a +0 whip; a +0 leather armour You now have 248 gold pieces (gained 16).
Key pressed, stopping explore.
Found a staircase to the Ecumenical Temple. 3 orcs come into view.
The orc shouts!
You hear a shout!
An orc comes into view. It is wielding a +0 dagger.
The orc shouts!
The orc hits you with a +0 falchion.
You hit the orc.
The orc begins to glow.
The orc is lightly wounded.
The orc barely misses you.
You hit the orc.
The orc glows dangerously bright.
The orc is heavily wounded.
An orc comes into view. It is wielding a +0 hand axe.
The orc closely misses you.
You hit the orc.
The orc shudders as magic cascades through it.
You kill the orc!
You hit the orc.
The orc begins to glow.
The orc is severely wounded.
You hit the orc.
You kill the orc!
The orc throws a boomerang.
The boomerang misses you. The orc hits you with a +0 short sword.
Items here: )) [ †.
You hit the orc but do no damage.
The orc begins to glow.
The orc closely misses you.
You hit the orc.
The orc glows dangerously bright.
The orc is lightly wounded.
The orc closely misses you.
You hit the orc.
The orc shudders as magic cascades through it!!
You kill the orc!
The orc throws a boomerang.
The boomerang closely misses you. The orc barely misses you.
Items here: ( ) [ †.
You hit the orc.
The orc begins to glow.
The orc is moderately wounded.
The orc misses you.
You hit the orc.
The orc glows dangerously bright.
The orc is heavily wounded.
The orc hits you with a +0 hand axe.
You barely miss the orc.
The orc is heavily wounded.
The orc barely misses you.
You hit the orc.
The orc shudders as magic cascades through it!!
You kill the orc!
You barely miss the orc. You barely miss the orc.
The orc hits you with a +0 dagger.
You hit the orc.
The orc begins to glow.
The orc is severely wounded.
The orc hits you with a +0 dagger.
You hit the orc.
The orc glows dangerously bright.
The orc is almost dead.
The orc hits you with a +0 dagger.
You hit the orc.
You kill the orc!
Items here: ( )) [.
You see here a +0 quarterstaff.
You see here a hound skeleton.
Found a stone staircase leading up.
There is a stone staircase leading up here.
There is a stone staircase leading down here.
Found a scroll labelled HUCICE DOTIPE.
Things that are here:
a +0 halberd; a gnoll corpse You see here a +0 spear.
There is a staircase to the Ecumenical Temple here.
You climb downwards.
Welcome to the Ecumenical Temple!
Found a shimmering blue altar of Sif Muna.
Found a staircase back to the Dungeon.
There is a staircase back to the Dungeon here.
Done exploring.
You enter the shallow water.
Moving in this stuff is going to be slow.
You enter the shallow water.
Moving in this stuff is going to be slow.
You enter the shallow water.
Moving in this stuff is going to be slow.
You enter the shallow water.
Moving in this stuff is going to be slow.
There is a white marble altar of Elyvilon here.
Search for what [? for help]? .
Saving game... please wait.
Lua error: /dgldir/rcfiles/crawl-git/hwolsky.rc:430: '' expected near 'end' Welcome back, hwolsky the Meteoran Shapeshifter.
Press ? for a list of commands and other information.
Are you sure you want to abandon this character and quit the game? (Confirm with "yes".)

...~♣.♣♣...~~~~......♣....~~~♣
....♣♣♣♣....~~~._..♣♣~.♣...~~♣
~.♣..♣♣♣.._.~~~.....♣...♣..~~♣
..........~.~~~......._~♣.~~♣♣
............~~.~....~...♣.~~♣
~.♣♣....~.~~..........~..~~♣♣
≈..♣........_~.....♣..~~.~~♣
~.....~...♣......♣...~~~~~♣♣
≈~.........♣♣~._p♣♣..~...♣♣
≈~._.♣♣♣...♣♣~......♣♣..~♣
≈~...♣♣.._...~...~..♣..♣.♣♣
~≈~..♣♣♣.~...............~♣♣
≈~~..♣.......~..♣........~~♣
~~~~..~.....~♣.♣........♣.~♣♣
~.~~.♣...~.♣.§......._..♣.~~♣
.~~~.~....♣♣♣..........♣...~♣♣
.~~~...~.~♣.♣.§.._....♣♣...~~♣


There were no monsters in sight!

Vanquished Creatures
  An ogre (D:4)
  A phantom (D:4)
  4 scorpions
  3 water moccasin zombies (Ossuary)
  A hound (D:6)
  2 jellies (D:5)
  A gnoll bouda (D:6)
  2 iguanas
  An orc wizard (D:4)
  2 mummies (Ossuary)
  An adder (D:2)
  4 gnolls (D:6)
  2 white imps
  2 ufetubi (D:5)
  5 adder zombies (Ossuary)
  2 dart slugs
  13 orcs
  3 bats
  2 endoplasms (D:1)
  3 giant cockroaches
  4 gnoll zombies (Ossuary)
  6 goblins
  3 hobgoblins
  2 quokkas
  3 ball pythons
  A frilled lizard (D:2)
  3 hobgoblin zombies (Ossuary)
  3 kobolds
  4 kobold zombies (Ossuary)
  5 orc zombies (Ossuary)
  7 rats
96 creatures vanquished.

Notes
Turn   | Place    | Note
-------+----------+-------------------------------------------
     0 | D:1      | hwolsky the Meteoran Shapeshifter began the quest for the
                  | Orb.
     0 | D:1      | Reached XP level 1. HP: 16/16 MP: 2/2
    44 | D:1      | Reached XP level 2. HP: 10/23 MP: 3/3
   153 | D:1      | Reached skill level 4 in Shapeshifting
   467 | D:1      | Entered explore mode.
   470 | D:1      | Succumbed to a kobold's poison
   508 | D:2      | Reached XP level 3. HP: 26/28 MP: 4/4
  1291 | D:3      | Found Komyraeh's General Store.
  1463 | D:4      | Found an opulent altar of Gozag.
  1464 | D:4      | Found an opulent altar of Gozag.
  1468 | D:4      | Found an opulent altar of Gozag.
  1482 | D:4      | Reached XP level 4. HP: 28/35 MP: 5/5
  1509 | D:4      | Found Gioch's Antique Weapon Emporium.
  1538 | D:4      | Reached XP level 5. HP: 26/40 MP: 6/6
  1548 | D:4      | Reached skill level 5 in Shapeshifting
  1715 | D:4      | Slain by a scorpion (4 damage)
  1718 | D:4      | Reached XP level 6. HP: 44/47 MP: 7/7
  1850 | D:4      | Found a sand-covered staircase.
  1855 | Ossuary  | Entered an ossuary
  1915 | Ossuary  | Reached skill level 5 in Unarmed Combat
  1941 | Ossuary  | HP: 1/47 [water moccasin zombie (5)]
  1942 | Ossuary  | Slain by a water moccasin zombie (3 damage)
  1946 | Ossuary  | Reached skill level 6 in Shapeshifting
  2024 | Ossuary  | Reached XP level 7. HP: 52/52 MP: 8/8
  2134 | D:4      | Found an opulent altar of Gozag.
  2423 | D:4      | Found a broken altar of Ashenzari.
  2565 | D:4      | Glimpsed the power of Zot.
  2587 | D:5      | Entered Level 5 of the Dungeon
  2680 | D:5      | Reached skill level 7 in Shapeshifting
  2682 | D:5      | HP: 2/52 [acid (5)]
  2683 | D:5      | Splashed by a jelly's acid (2 damage)
  2688 | D:5      | Reached XP level 8. HP: 33/59 MP: 9/9
  2716 | D:5      | Found a glowing silver altar of Zin.
  2832 | D:5      | HP: 1/59 [acid (5)]
  2833 | D:5      | Splashed by a jelly's acid (1 damage)
  3083 | D:6      | Reached skill level 5 in Dodging
  3177 | D:6      | HP: 1/59 [gnoll bouda/+0 whip (9)]
  3177 | D:6      | Slain by a gnoll
                  | ... wielding a +0 halberd
                  | ... led by a gnoll bouda
                  | (2 damage)
  3185 | D:6      | HP: 2/59 [gnoll/+0 spear[a gnoll bouda] (3)]
  3186 | D:6      | Slain by a gnoll
                  | ... wielding a +0 spear
                  | ... led by a gnoll bouda
                  | (5 damage)
  3192 | D:6      | Slain by a gnoll
                  | ... wielding a +1 vampiric spear
                  | ... led by a gnoll bouda
                  | (9 damage)
  3204 | D:6      | Slain by a gnoll
                  | ... wielding a +0 spear
                  | ... led by a gnoll bouda
                  | (8 damage)
  3217 | D:6      | Reached skill level 8 in Shapeshifting
  3271 | D:6      | Found a staircase to the Ecumenical Temple.
  3444 | Temple   | Entered the Ecumenical Temple
  3469 | Temple   | Quit the game

Illustrated notes

Levels and vault maps discovered:
D:1:      dpeg_arrival_round_c, layout_basic
D:2:      layout_basic
D:3:      layout_loops_ring, serial_shops, shop
D:4:      layout_basic, nicolae_ashenzari_skybound,
          nicolae_gozag_conspicuous_consumption, serial_shops, shop,
          nicolae_ossuary_entry_plus, minmay_misc_feat_rugged
D:5:      layout_rooms, nicolae_overflow_crystal_walls
D:6:      layout_loops_ring, temple_statues, serial_shops, shop, uniq_menkaure
Temple:   nicolae_temple_bog_church

Skill      XL: |  1  2  3  4  5  6  7  8 |
---------------+-------------------------+-----
Shapeshifting  | 4 5 6 7 8 |  8.0
Unarmed Combat | 4 5 6 |  6.5
Dodging        | 3 4 5 |  5.3
Fighting       | |  1.1

Action                     |  1- 3 |  4- 6 |  7- 9 || total
---------------------------+-------+-------+-------++-------
  Melee: Unarmed           |    69 |   134 |   176 ||   379
         Punch             |     5 |     6 |     5 ||    16
Ability: Begin Untransform |       |       |     1 ||     1
    Use: Potion            |     1 |       |       ||     1
         Scroll            |     9 |     1 |     6 ||    16
 Armour: Animal skin       |    41 |    66 |   152 ||   259
  Dodge: Dodged            |    41 |    79 |   184 ||   304
   Form: Beast             |       |       |     1 ||     1
         Flux              |       |       |     1 ||     1

Table legend: (Time is in decaauts)
 A = Elapsed time spent in this place.
 B = Non-inter-level travel time spent in this place.
 C = Inter-level travel time spent in this place.
 D = Time resting spent in this place.
 E = Time spent auto-exploring this place.
 F = Levels seen in this place.
 G = Mean time per level.
                   A        B        C        D        E       F      G
               +--------+--------+--------+--------+--------+-----+--------+
         Total |   3432 |   3319 |    113 |      0 |   1844 |   8 |  429.0 |
       Dungeon |   3163 |   3050 |    113 |      0 |   1844 |   6 |  527.2 |
        Temple |     27 |     27 |      0 |      0 |      0 |   1 |   27.0 |
       Ossuary |    242 |    242 |      0 |      0 |      0 |   1 |  242.0 |
               +--------+--------+--------+--------+--------+-----+--------+

Top non-repeatable levels by time:
     D:4: 873 daAuts
     D:2: 602 daAuts
     D:1: 491 daAuts
     D:5: 453 daAuts
     D:6: 388 daAuts
     D:3: 354 daAuts
 Ossuary: 242 daAuts
  Temple: 27 daAuts
